 Dungeon Crawl Stone Soup version 0.29-a0-451-gfbfa42419e (webtiles) character file.

Game seed: 12886489606563182164

118 acebull12 the Poker (level 4, -2/34 HPs)
             Began as a Demonspawn Gladiator on May 19, 2022.
             Slain by Edmund
             ... wielding a +0 flail of protection
              (7 damage)
             ... on level 4 of the Dungeon.
             The game lasted 00:06:57 (3283 turns).

acebull12 the Poker (Demonspawn Gladiator)          Turns: 3283, Time: 00:06:58

Health: -2/34      AC:  8    Str: 17    XL:     4   Next: 72%
Magic:  0/4        EV:  8    Int:  9    God:
Gold:   227        SH:  9    Dex: 14    Spells: 3/3 levels left

rFire   . . .      SeeInvis .   a - +0 trident
rCold   . . .      Faith    .   o - +2 kite shield
rNeg    . . .      Spirit   +   h - +0 scale mail {rPois}
rPois   +          Reflect  .   c - +0 helmet
rElec   .          Harm     .   n - scarf {shadows}
rCorr   .          Rampage  .   (no gloves)
Will    .....                   f - +0 pair of boots {Fly}
Stlth   ..........              (no amulet)
HPRegen 0.11/turn               (no ring)
MPRegen 0.18/turn               (no ring)

@: flying
A: magic shield, magic regeneration
a: no special abilities


You were on level 4 of the Dungeon.
You visited 1 branch of the dungeon, and saw 4 of its levels.

You collected 227 gold pieces.

Inventory:

Hand Weapons
 a - a +0 trident (weapon)
Missiles
 d - 3 throwing nets (quivered)
 e - 4 javelins
Armour
 b - a +0 leather armour
 c - a +0 helmet (worn)
 f - a +0 pair of boots of flying (worn)
 h - a +0 scale mail of poison resistance (worn)
 n - a scarf of shadows (worn)
 o - a +2 kite shield (worn)
Wands
 q - a wand of flame (21)
Scrolls
 p - a scroll of identify {unknown}
 u - 3 scrolls of enchant weapon {unknown}
 w - a scroll of immolation {unknown}
 y - a scroll of fear {unknown}
 A - a scroll of noise {unknown}
Potions
 g - a potion of degeneration {unknown}
 i - 4 potions of heal wounds {unknown}
 j - a potion of curing {unknown}
 k - a potion of attraction {unknown}
 l - a potion of ambrosia {unknown}
 m - a potion of mutation {unknown}
 r - a potion of invisibility {unknown}
 s - a potion of haste {unknown}
 t - a potion of flight {unknown}
 v - a potion of resistance {unknown}
 x - a potion of might {unknown}
 B - a potion of magic {unknown}


   Skills:
 * Level 2.9 Fighting
 * Level 3.6 Polearms
 + Level 1.9 Throwing
 + Level 0.7 Armour
 + Level 3.3 Dodging
 + Level 0.5 Stealth
 * Level 0.4 Shields


You had 3 spell levels left.
You didn't know any spells.
Your spell library contained the following spells:

 Spells                   Type           Power      Damage    Failure   Level
 Summon Small Mammal      Summ           0%         N/A       99%         1
 Call Canine Familiar     Summ           0%         N/A       100%        3
 Summon Guardian Golem    Hex/Summ       0%         N/A       100%        3


Dungeon Overview and Level Annotations

Branches:
Dungeon (4/15)
 Temple: D:4-7

Altars:
Trog

Annotations:
D:3 Natasha
D:4 Edmund


Innate Abilities, Weirdness & Mutations

When hurt, damage is shared between your health and your magic reserves.
You regenerate magic rapidly.


Message History

You hit Edmund.
Edmund is moderately wounded.
Edmund asks, "Have you met my wondrous brother?"
Edmund closely misses you.
You closely miss Edmund.
Edmund is moderately wounded.
Edmund hits you with a +0 flail of protection.
You barely miss Edmund.
Edmund is moderately wounded.
Edmund says, "I'm quite good with sums, too."
You block Edmund's attack.
Edmund says, "People think my brother is the best.
I think he's crazy."
Edmund hits you but does no damage.
You hit Edmund.
Edmund is moderately wounded.
Edmund hits you with a +0 flail of protection.
You closely miss Edmund.
Edmund is moderately wounded.
You block Edmund's attack.
You barely miss Edmund.
Edmund is moderately wounded.
Edmund hits you with a +0 flail of protection! x2
You hit Edmund.
Edmund is moderately wounded.
Edmund hits you with a +0 flail of protection.
* * * LOW HITPOINT WARNING * * *
Okay, then.
Okay, then.
You closely miss Edmund.
Edmund is moderately wounded.
Edmund hits you with a +0 flail of protection.
* * * LOW HITPOINT WARNING * * *
Unknown command.
You hit Edmund but do no damage.
Edmund is moderately wounded.
You block Edmund's attack. x2
You barely miss Edmund.
Edmund is moderately wounded.
Edmund hits you with a +0 flail of protection!
You die...

....# ....#
......... ....#
#.#..##........
....# .#.#..
......... ....#
#..#..
#........ .##.#
..#.. ......#
###.#
##..###.....#.
###
#..#@.......
#...@......#
##.###..##.#
#<# #.# ### ##


You could see Edmund.

Vanquished Creatures
  Natasha (D:4)
  2 adders
  A worm (D:3)
  3 dart slugs
  An orc (D:3)
  5 ball pythons
  2 endoplasms (D:3)
  3 giant cockroaches
  6 goblins
  3 hobgoblins
  14 jackals
  A quokka (D:1)
  5 bats
  2 frilled lizards (D:1)
  6 kobolds
  4 rats
59 creatures vanquished.

Notes
Turn   | Place    | Note
-------+----------+-------------------------------------------
     0 | D:1      | acebull12 the Demonspawn Gladiator began the quest for the
                  | Orb.
     0 | D:1      | Reached XP level 1. HP: 16/16 MP: 1/1
   155 | D:1      | Gained mutation: You regenerate magic rapidly. [demonic
                  | ancestry]
   155 | D:1      | Reached XP level 2. HP: 22/22 MP: 2/2
   443 | D:1      | Gained mutation: When hurt, damage is shared between your
                  | health and your magic reserves. [demonic ancestry]
   443 | D:1      | Reached XP level 3. HP: 27/27 MP: 3/3
  1645 | D:2      | Found a bloodstained altar of Trog.
  2119 | D:3      | Reached XP level 4. HP: 34/34 MP: 4/4
  2941 | D:4      | Noticed Natasha
  2954 | D:4      | Killed Natasha
  2959 | D:4      | Noticed Natasha
  2966 | D:4      | HP: 1/34 [Natasha/magic dart (2)]
  3259 | D:4      | Noticed Edmund
  3283 | D:4      | Slain by Edmund

Illustrated notes

Levels and vault maps discovered:
D:1:      evilmike_arrival_grusome_pit, layout_basic
D:2:      layout_loops_corners, basic_altar, hex_large,
          kennysheep_big_empty_room, st_stairs_3, nrook_loot_triangle,
          grunt_decor_fettered
D:3:      layout_loops_ring
D:4:      layout_cave_pools, gammafunk_ghost_smash, uniq_natasha, uniq_edmund

Skill      XL: |  1  2 |
---------------+-------+-----
Dodging        | 3 |  3.3
Polearms       | 3 |  3.6
Fighting       | |  2.9
Throwing       | |  1.9
Armour         | |  0.7
Stealth        | |  0.5
Shields        | |  0.4

Action                   |  1- 3 |  4- 6 || total
-------------------------+-------+-------++-------
Melee: Trident           |   148 |    66 ||   214
       Punch             |     1 |       ||     1
  Use: Scroll            |     4 |     1 ||     5
 Stab: Sleeping          |     2 |       ||     2
       Distracted        |       |     1 ||     1
Armor: Leather armour    |    21 |       ||    21
       Scale mail        |    23 |    15 ||    38
Dodge: Dodged            |    72 |    12 ||    84
Block: Kite shield       |    33 |    31 ||    64

Table legend: (Time is in decaauts)
 A = Elapsed time spent in this place.
 B = Non-inter-level travel time spent in this place.
 C = Inter-level travel time spent in this place.
 D = Time resting spent in this place.
 E = Time spent auto-exploring this place.
 F = Levels seen in this place.
 G = Mean time per level.
                   A        B        C        D        E       F      G
               +--------+--------+--------+--------+--------+-----+--------+
         Total |   3369 |   3221 |    148 |    499 |   2138 |   4 |  842.2 |
       Dungeon |   3369 |   3221 |    148 |    499 |   2138 |   4 |  842.2 |
               +--------+--------+--------+--------+--------+-----+--------+

Top non-repeatable levels by time:
     D:2: 1191 daAuts
     D:3: 1131 daAuts
     D:1: 884 daAuts
     D:4: 162 daAuts
